 Dungeon Crawl Stone Soup version 0.28.0-45-g0d030f2227 (webtiles) character file.

Game seed: 17331963846566106184

128 Iusername the Covered (level 4, -4/41 HPs)
             Began as a Minotaur Fighter on Apr 4, 2022.
             Slain by Prince Ribbit (14 damage)
             ... on level 7 of the Dungeon.
             The game lasted 00:11:21 (4704 turns).

Iusername the Covered (Minotaur Fighter)            Turns: 4704, Time: 00:11:21

Health: -4/41      AC:  8    Str: 22    XL:     4   Next: 86%
Magic:  3/3        EV:  9    Int:  5    God:
Gold:   100        SH:  4    Dex: 10    Spells: 3/3 levels left

rFire   . . .      SeeInvis .   j - +2 dagger (speed)
rCold   . . .      Faith    .   c - +0 buckler
rNeg    . . .      Spirit   .   b - +0 scale mail
rPois   .          Reflect  .   (helmet restricted)
rElec   .          Harm     .   (no cloak)
rCorr   .          Rampage  .   q - +0 pair of gloves
Will    .....                   (no boots)
Stlth   ..........              p - amulet of regeneration
HPRegen 0.93/turn               (no ring)
MPRegen 0.08/turn               (no ring)

@: about to teleport
A: horns 2, retaliatory headbutt
a: no special abilities


You were on level 7 of the Dungeon.
You visited 1 branch of the dungeon, and saw 5 of its levels.

You collected 100 gold pieces.

Inventory:

Hand Weapons
 a - a +0 long sword
 j - a +2 dagger of speed (weapon)
 o - a +0 shortbow
Armour
 b - a +0 scale mail (worn)
 c - a +0 buckler (worn)
 h - an orb of wrath
 q - a +0 pair of gloves (worn)
Jewellery
 p - an amulet of regeneration (around neck)
Scrolls
 e - 2 scrolls of identify
 k - a scroll of enchant weapon
 l - 2 scrolls of torment
Potions
 d - a potion of might
 f - a potion of flight
 i - a potion of curing {unknown}
 m - a potion of brilliance
 n - 2 potions of haste


   Skills:
 + Level 4.5 Fighting
 + Level 1.3(2.3) Short Blades
 + Level 3.2(3.4) Long Blades
 + Level 4.9 Armour
 + Level 0.5 Dodging
 + Level 0.2 Stealth
 + Level 4.1 Shields


You had 3 spell levels left.
You didn't know any spells.
Your spell library contained the following spells:

 Spells                   Type           Power      Damage    Failure   Level
 Confusing Touch          Hex            0%         N/A       99%         3
 Yara's Violent Unravell  Hex/Tmut       0%         3d3       100%        5
 Enfeeble                 Hex            0%         N/A       100%        7


Dungeon Overview and Level Annotations

Branches:
Dungeon (4/15)
 Temple: D:4-7

Altars:
The Shining One

Shops:
D:2 *

Annotations:
D:7 Prince Ribbit


Innate Abilities, Weirdness & Mutations

You have a pair of horns on your head.
You reflexively headbutt those who attack you in melee.


Message History

The hound skeleton closely misses you. You furiously retaliate!
You headbutt the hound skeleton.
You destroy the hound skeleton!
Found 13 arrows.
Found a leather armour.
Found an escape hatch in the floor.
A sourceless malevolence fills the Dungeon...
You fall into a shaft and drop 3 floors!
The shaft crumbles and collapses.
Found a scroll of torment.
l - 2 scrolls of torment (gained 1)
Found an escape hatch in the floor.
Found a quarterstaff.
Prince Ribbit comes into view.
Prince Ribbit gives a loud, deep croak!
Prince Ribbit blinks!
Prince Ribbit hits you! You block Prince Ribbit's attack.
You see here a potion of brilliance.
You barely miss Prince Ribbit. You headbutt Prince Ribbit!
Prince Ribbit is moderately wounded.
An ufetubus comes into view.
Prince Ribbit hits you.
The ufetubus shouts!
You hit Prince Ribbit.
Prince Ribbit is moderately wounded.
Prince Ribbit closely misses you.
You barely miss Prince Ribbit.
Prince Ribbit is moderately wounded.
You hit Prince Ribbit. Your headbutt misses Prince Ribbit.
Prince Ribbit is heavily wounded.
Prince Ribbit hits you!
You hit Prince Ribbit.
Prince Ribbit is heavily wounded.
Prince Ribbit hits you!
* * * LOW HITPOINT WARNING * * *
An iguana comes into view.
As you read the scroll of teleportation, it crumbles to dust.
You feel strangely unstable. Prince Ribbit misses you.
Prince Ribbit blinks!
Prince Ribbit hits you!
You die...

#.## .. ###..#.#
#.....# #.#.### #
#.# # #.# # #.#.#
#.##
#####.#.######l...#
.........F@5!ยง....#
#####.#.######.##...
#....# # #.###.# #.
#.# . #># # .). #.#
#.#


You could see Prince Ribbit, an iguana and an ufetubus.

Vanquished Creatures
  A hound skeleton (D:4)
  4 adders
  A worm (D:2)
  3 dart slugs
  6 ball pythons
  8 bats
  7 endoplasms
  A giant cockroach (D:2)
  4 goblins (D:1)
  8 hobgoblins
  6 jackals (D:1)
  2 quokkas (D:2)
  2 frilled lizards
  8 kobolds
  8 rats
69 creatures vanquished.

Vanquished Creatures (others)
  2 fungi (D:2)
  5 plants (D:2)
7 creatures vanquished.

Grand Total: 76 creatures vanquished

Notes
Turn   | Place    | Note
-------+----------+-------------------------------------------
     0 | D:1      | Iusername the Minotaur Fighter began the quest for the Orb.
     0 | D:1      | Reached XP level 1. HP: 19/19 MP: 0/0
   775 | D:1      | Reached XP level 2. HP: 27/27 MP: 1/1
  1078 | D:1      | Reached XP level 3. HP: 33/33 MP: 2/2
  2599 | D:2      | Reached XP level 4. HP: 37/40 MP: 3/3
  2628 | D:2      | Found Jiegoqos's General Store.
  3092 | D:2      | Found a faded altar of an unknown god.
  3395 | D:3      | Reached skill level 1 in Short Blades
  3780 | D:3      | Found a glowing golden altar of the Shining One.
  4680 | D:4      | You fall into a shaft and drop 3 floors!
  4694 | D:7      | Noticed Prince Ribbit
  4704 | D:7      | Slain by Prince Ribbit

Illustrated notes

Levels and vault maps discovered:
D:1:      dpeg_arrival_morbid_curiosity, layout_basic
D:2:      layout_basic, serial_shops, nicolae_shop_competitors_out_of_business,
          shapermc_ecumenical_altar_mp_ritualfount, minmay_pentomino_p2
D:3:      layout_loops_ring, tso_altar, chequers_serial_rivers_small_3
D:4:      layout_loops_cross, temple_fountains
D:7:      layout_loops_ring, uniq_duvessa, uniq_prince_ribbit1

Skill      XL: |  1  2  3  4 |
---------------+-------------+-----
Armour         | 4 |  4.9
Shields        | 4 |  4.1
Fighting       | 4 |  4.5
Long Blades    | 3 |  3.2
Short Blades   | 1 |  1.3
Dodging        | |  0.5
Stealth        | |  0.2

Action                   |  1- 3 |  4- 6 || total
-------------------------+-------+-------++-------
Melee: Long sword        |    43 |       ||    43
       Headbutt          |    10 |    14 ||    24
       Dagger            |    62 |    63 ||   125
  Use: Scroll            |       |     9 ||     9
       Potion            |       |     1 ||     1
Armor: Scale mail        |    65 |    27 ||    92
Dodge: Dodged            |    69 |    22 ||    91
Block: Buckler           |    28 |     9 ||    37
